AoeStats
← SpackEye

Pilgrims

509703081Analyzed
2v2 RM · 5d ago on Sep 27, 2026· 60m 36s· 4 players
Game mode
Random Map
Map size
Medium (4 player)
Population
200
Speed
Normal
Resources
Standard
Victory
Conquest
Starting age
Dark Age
Ending age
Imperial Age
RankedLock teamsTeams togetherTeam positionsShared explorationLock speedFull tech treeHidden civsTurbo modeCheats
Victory
Defeat
🇬🇧 Khmer · United Kingdom
988
+17
🇨🇳 Saxons · China
981
+17
🇭🇷 Britons · Croatia
1005
-17
🇭🇷 Vikings · Croatia
1003
-17
SpackEye
11:47 Feudal Age
16:08 Castle Age
22:03 Scale Barding Armor
25:50 Crossbowman
26:39 Fletching
27:11 Chain Barding Armor
29:27 Double-Bit Axe
33:12 Bow Saw
34:23 Bodkin Arrow
43:08 Tusk Swords
50:50 Imperial Age
51:40 Heavy Scorpion
53:47 Coinage
52:42 Elite Battle Elephant
57:51 Double Crossbow
60:28 Bloodlines
83716497273
13:07 Feudal Age
13:47 Loom
17:02 Castle Age
15:33 Double-Bit Axe
15:53 Gold Mining
16:29 Fishing Lines
17:53 Bow Saw
17:40 Gillnets
21:13 Wheelbarrow
21:04 Fletching
21:40 Bodkin Arrow
22:11 Ballistics
22:02 Careening
28:56 Imperial Age
29:07 Hand Cart
28:37 Town Watch
29:39 Bracer
31:17 Shipwright
32:08 Two-Man Saw
32:08 Town Patrol
32:12 Stone Mining
32:57 Scale Mail Armor
33:07 Forging
33:59 Chain Mail Armor
34:25 Gold Shaft Mining
33:59 Treadmill Crane
34:27 Siege Engineers
34:28 Gambesons
34:43 Squires
34:28 Arson
35:07 Caravan
37:13 Chemistry
37:39 Elite Varangian Guard
38:51 Plate Mail Armor
38:56 Iron Casting
38:13 Shield Wall
39:14 Conscription
40:01 Dry Dock
40:50 Iron Casting
40:32 Capped Ram
42:07 Siege Ram
47:21 Guilds
56:49 Hoardings
mkopri10
11:23 Feudal Age
13:00 Wheelbarrow
12:10 Horse Collar
12:20 Double-Bit Axe
13:12 Fishing Lines
18:01 Castle Age
18:21 Gold Mining
18:22 Stone Mining
19:01 Hand Cart
19:41 Gold Shaft Mining
19:11 Heavy Plow
19:37 Bow Saw
22:38 Fletching
22:48 Padded Archer Armor
24:06 Forging
23:56 Scale Mail Armor
24:15 Squires
24:01 Gambesons
23:57 Pikeman
26:18 Chain Mail Armor
27:05 Iron Casting
29:55 Yeomen
29:33 Bodkin Arrow
30:12 Leather Archer Armor
31:57 Loom
32:36 Treadmill Crane
33:17 Ballistics
38:12 Imperial Age
39:25 Conscription
38:28 Elite Longbowman
41:08 Chemistry
40:22 Bracer
40:53 Ring Archer Armor
41:54 Blast Furnace
41:24 Plate Mail Armor
40:17 Halberdier
45:05 Elite Longbowman
46:02 Elite Skirmisher
49:47 Crossbowman
51:39 Arbalester
53:12 Man-at-Arms
54:49 Long Swordsman
55:15 Arson
56:39 Two-Handed Swordsman
Atomicmarin
3:12 Loom
12:33 Feudal Age
13:25 Double-Bit Axe
14:41 Gold Mining
18:56 Castle Age
17:03 Fishing Lines
21:04 Bow Saw
22:05 Fletching
25:14 Bodkin Arrow
25:19 Gillnets
32:55 Careening
35:49 Ballistics
41:47 Horse Collar
45:14 Imperial Age
43:43 Forging
45:35 Masonry
49:14 Pikeman
51:39 Chemistry
Connection lost

Rejoining the realm…

Still unreachable

The connection could not be restored.

Session expired

The server has moved on; the page needs a fresh start.